 Dungeon Crawl Stone Soup version 0.28.0-53-g5a82cb258f (webtiles) character file.

Game seed: 13427194544860237134

198 Neuros91 the Shield-Bearer (level 5, -1/45 HPs)
             Began as a Demigod Fighter on June 15, 2022.
             Slain by a gnoll
             ... wielding a +0 whip
              (3 damage)
             ... on level 4 of the Dungeon.
             The game lasted 00:09:15 (3202 turns).

Neuros91 the Shield-Bearer (Demigod Fighter)        Turns: 3202, Time: 00:09:15

Health: -1/45      AC:  9    Str: 21    XL:     5   Next: 22%
Magic:  7/7        EV:  7    Int: 10    God:
Gold:   102        SH:  5    Dex: 13    Spells: 4/4 levels left

rFire   . . .      SeeInvis .   h - +0 whip (elec)
rCold   . . .      Faith    .   c - +0 buckler
rNeg    . . .      Spirit   .   e - +0 chain mail
rPois   .          Reflect  .   (no helmet)
rElec   .          Harm     .   (no cloak)
rCorr   .          Rampage  .   (no gloves)
Will    .....                   (no boots)
Stlth   ..........              (no amulet)
HPRegen 0.15/turn               (no ring)
MPRegen 0.10/turn               (no ring)

@: mighty
A: high MP 1, forlorn, divine attributes
a: no special abilities


You were on level 4 of the Dungeon.
You visited 1 branch of the dungeon, and saw 4 of its levels.

You collected 102 gold pieces.

Inventory:

Hand Weapons
 f - a +1 antimagic spear
 h - a +0 whip of electrocution (weapon)
Missiles
 g - 7 poisoned darts (quivered)
Armour
 c - a +0 buckler (worn)
 e - a +0 chain mail (worn)
Scrolls
 b - 3 scrolls of identify


   Skills:
 + Level 3.5 Fighting
 - Level 2.4 Short Blades
 * Level 1.6 Maces & Flails
 - Level 0.6 Polearms
 + Level 3.5 Armour
 + Level 3.6 Shields


You had 4 spell levels left.
You didn't know any spells.
Your spell library contained the following spells:

 Spells                   Type           Power      Damage    Failure   Level
 Sting                    Tmut/Pois      0%         1d3       99%         1
 Ensorcelled Hibernation  Hex/Ice        0%         N/A       100%        2
 Passwall                 Tmut/Erth      0%         N/A       100%        2
 Poisonous Vapours        Pois/Air       0%         N/A       100%        2
 Swiftness                Air            0%         N/A       100%        3
 Olgreb's Toxic Radiance  Pois           0%         N/A       100%        4
 Borgnjor's Revivificati  Necr           0%         N/A       100%        8
 Necromutation            Tmut/Necr      0%         N/A       100%        8
 Death's Door             Necr           0%         N/A       100%        9


Dungeon Overview and Level Annotations

Branches:
Dungeon (4/15)
 Temple: D:4-7

Annotations:
D:3 2 transporters, thriggle's ghost, weakling BaEn


Innate Abilities, Weirdness & Mutations

You have an increased reservoir of magic. (+10% MP)
You shall have no god before yourself.
Your divine heritage dramatically boosts your attributes as you level up.


Message History

A gnoll shaman comes into view. It is wielding a +0 club.
Things that are here:
a +0 flail; a +0 dagger A gnoll comes into view.
It is wielding a +0 halberd.
The gnoll shouts!
You hit the gnoll shaman but do no damage.
The gnoll shaman barely misses you.
You barely miss the gnoll shaman. You block the gnoll's attack.
You hit the gnoll shaman.
Lightning courses through the gnoll shaman!!
You kill the gnoll shaman!
The gnoll hits you from afar with a +0 halberd.
You have reached level 5!
A gnoll comes into view. It is wielding a +0 club.
The gnoll shouts!
You hear a shout!
A gnoll comes into view. It is wielding a +0 whip.
The gnoll hits you with a +0 halberd.
You barely miss the gnoll. The gnoll barely misses you.
You barely miss the gnoll. The gnoll completely misses you.
You hit the gnoll. Lightning courses through the gnoll!
You kill the gnoll!
The gnoll barely misses you.
You closely miss the gnoll. The gnoll hits you with a +0 whip.
The gnoll closely misses you.
You closely miss the gnoll. The gnoll hits you with a +0 whip.
The gnoll hits you with a +0 halberd.
You are too injured to fight recklessly!
You are too injured to fight recklessly!
You are too injured to fight recklessly!
You are too injured to fight recklessly!
You are too injured to fight recklessly!
You feel very mighty all of a sudden. The gnoll hits you with a +0 whip.
* * * LOW HITPOINT WARNING * * *
The gnoll hits you with a +0 halberd!
* * * LOW HITPOINT WARNING * * *
You hit the gnoll.
The gnoll is moderately wounded.
The gnoll hits you with a +0 whip.
You die...

###...###+##.#######
#.(.##..##.##
.....#.......# .....
#.......# .....
+.......# #....)..#
#.......# #.....).#
##..)@### #..gg#
#........ #.........
#..........
#...........
###+#######.. ...


You could see 2 gnolls.

Vanquished Creatures
  A water moccasin skeleton (D:4)
  A gnoll shaman (D:4)
  2 gnolls (D:4)
  3 adders
  A worm (D:2)
  2 dart slugs
  3 orcs (D:3)
  6 bats
  7 endoplasms
  5 giant cockroaches
  8 goblins
  8 hobgoblins
  6 ball pythons
  5 frilled lizards
  7 kobolds
  5 rats
70 creatures vanquished.

Vanquished Creatures (others)
  A dart slug (D:2)
  A bat (D:2)
2 creatures vanquished.

Grand Total: 72 creatures vanquished

Notes
Turn   | Place    | Note
-------+----------+-------------------------------------------
     0 | D:1      | Neuros91 the Demigod Fighter began the quest for the Orb.
     0 | D:1      | Reached XP level 1. HP: 18/18 MP: 3/3
   294 | D:1      | Reached XP level 2. HP: 25/25 MP: 4/4
  1207 | D:2      | Reached XP level 3. HP: 31/31 MP: 5/5
  1969 | D:3      | Reached XP level 4. HP: 19/38 MP: 2/6
  2399 | D:3      | Found a transporter.
  2402 | D:3      | Noticed thriggle's ghost (weakling BaEn)
  2403 | D:3      | Found a transporter.
  2405 | D:3      | Noticed an ogre
  2405 | D:3      | Identified the +6 giant spiked club of Balance {freeze,
                  | *Rage rElec Stlth+}
  2405 | D:3      | Noticed an ogre
  3175 | D:4      | Reached skill level 1 in Maces & Flails
  3195 | D:4      | Reached XP level 5. HP: 32/45 MP: 7/7
  3201 | D:4      | HP: 2/45 [gnoll/+0 halberd (11)]
  3202 | D:4      | Slain by a gnoll

Illustrated notes

Levels and vault maps discovered:
D:1:      psy_arrival_radial02, layout_loops_ring
D:2:      layout_rooms, lemuel_flame_loot_1
D:3:      layout_basic, ebering_ecumenical_altar_mist, gammafunk_ghost_smash,
          saegor_snake_ambush
D:4:      layout_gridville, minmay_misc_feat_plants, nzn_random_ring

Skill      XL: |  1  2  3  4 |
---------------+-------------+-----
Short Blades   | 2 |  2.4
Fighting       | 3 |  3.5
Shields        | 3 |  3.6
Armour         | 3 |  3.5
Maces & Flails | 1 |  1.6
Polearms       | |  0.6

Action                   |  1- 3 |  4- 6 || total
-------------------------+-------+-------++-------
Melee: Rapier            |   121 |       ||   121
       Spear             |    26 |    15 ||    41
       Whip              |       |    41 ||    41
  Use: Scroll            |     4 |     1 ||     5
       Potion            |       |     1 ||     1
Armor: Scale mail        |    13 |       ||    13
       Chain mail        |    67 |    20 ||    87
Dodge: Dodged            |    41 |    18 ||    59
Block: Buckler           |    33 |     7 ||    40
